 Dungeon Crawl Stone Soup version 0.29.1-13-g9f3cf754e1 (webtiles) character file.

Game seed: 9955409171117146981

238 nickcage the Cudgeller (level 5, -13/41 HPs)
             Began as a Demonspawn Abyssal Knight on Jan 30, 2023.
             Was a Priest of Lugonu.
             Killed by divine providence
             ... invoked by an orc priest
              (14 damage)
             ... on level 3 of the Dungeon.
             The game lasted 00:09:23 (3302 turns).

nickcage the Cudgeller (Demonspawn Abyssal Knight)  Turns: 3302, Time: 00:09:24

Health: -13/41     AC:  6    Str: 15    XL:     5   Next: 78%
Magic:  7/7        EV:  6    Int: 14    God:    Lugonu [***...]
Gold:   125        SH: 11    Dex: 13    Spells: 4/4 levels left

rFire   . . .      SeeInvis .   a - +1 mace
rCold   . . .      Faith    .   l - +0 tower shield
rNeg    . . .      Spirit   .   k - +0 ring mail
rPois   .          Reflect  .   (helmet restricted)
rElec   +          Harm     .   c - +0 cloak of the Orange {rElec Will- rCorr Int+2}
rCorr   +          Rampage  .   (no gloves)
Will    .....                   (no boots)
Stlth   +.........              e - amulet of the acrobat
HPRegen 0.13/turn               (no ring)
MPRegen 0.10/turn               (no ring)

@: no status effects
A: horns 2, powered by death 1
a: Renounce Religion, Depart the Abyss, Bend Space, Banish


You were on level 3 of the Dungeon.
You worshipped Lugonu.
Lugonu was most pleased with you.
You visited 1 branch of the dungeon, and saw 3 of its levels.
You visited the Abyss 1 time.

You collected 183 gold pieces.
You spent 58 gold pieces at shops.

Inventory:

Hand Weapons
 a - a +1 mace (weapon)
 u - the +9 shortbow "Arcanum" {speed, rElec rF++}
   (You found it on level 2 of the Dungeon)

   Attacks with this weapon are significantly faster.
   rF:        It greatly protects you from fire.
   rElec:     It insulates you from electricity.
Armour
 b - a +0 leather armour
 c - the +0 cloak of the Orange (worn) {rElec Will- rCorr Int+2}
   (You acquired it on level 1 of the Dungeon)

   Int:       It affects your intelligence (+2).
   rElec:     It insulates you from electricity.
   rCorr:     It protects you from acid and corrosion.
   Will:      It decreases your willpower.
 k - a +0 ring mail (worn)
 l - a +0 tower shield (worn)
Jewellery
 d - a ring of wizardry
 e - an amulet of the acrobat (around neck)
Wands
 w - a wand of charming (5)
Scrolls
 n - a scroll of silence
 o - a scroll of fear {unknown}
 q - 2 scrolls of noise {unknown}
 t - a scroll of brand weapon {unknown}
 v - a scroll of vulnerability {unknown}
Potions
 f - a potion of invisibility
 g - a potion of ambrosia
 h - 2 potions of heal wounds
 i - a potion of haste
 j - 2 potions of degeneration
 m - a potion of might {unknown}
 p - a potion of magic {unknown}
 s - a potion of curing {unknown}
 x - a potion of attraction {unknown}


   Skills:
 - Level 3.0 Fighting
 * Level 4.9 Maces & Flails
 - Level 1.7 Armour
 - Level 0.8 Dodging
 * Level 2.0 Shields
 - Level 3.0 Invocations


You had 4 spell levels left.
You didn't know any spells.
Your spell library was empty.

Dungeon Overview and Level Annotations

Branches:
Dungeon (3/15)

Altars:
Xom

Shops:
D:1 [   D:3 [


Innate Abilities, Weirdness & Mutations

You have a pair of horns on your head.
You regenerate a little health from kills.


Message History

Beogh smites you!
The orc priest calls down the wrath of Beogh upon you.
Beogh smites you!
You are too injured to fight recklessly!
You are too injured to fight recklessly!
You barely miss the orc priest. Your headbutt misses the orc priest.
You block the orc priest's attack.
You sock the orc priest!
The orc priest is heavily wounded.
The orc priest looks braver for a moment.
You block the orc's attack.
The orc priest mumbles some strange prayers to Beogh against you.
Beogh smites you!
* * * LOW HITPOINT WARNING * * *
The orc priest barely misses you.
You hit the orc priest.
The orc priest is severely wounded.
You block the orc priest's attack. The orc barely misses you.
You closely miss the orc priest.
The orc priest is severely wounded.
Your hearing returns.
You block the orc priest's attack. x2; You block the orc's attack.
The orc priest invokes the aid of Beogh against you.
You barely resist. You block the orc priest's attack.
The orc barely misses you.
You hit the orc priest.
The orc priest is almost dead.
The orc priest hits you with a +0 dagger.
* * * LOW HITPOINT WARNING * * *
You block the orc's attack. You block the orc priest's attack.
You hit the orc priest but do no damage.
Your headbutt misses the orc priest.
The orc priest is almost dead.
You block the orc priest's attack.
The orc priest hits you with a +0 dagger.
* * * LOW HITPOINT WARNING * * *
You block the orc's attack.
The orc priest mumbles some strange prayers to Beogh against you.
Beogh smites you!
You die...

#. .# # #. .#
#.#.###.#
#.#.#.#.#
.......##
#...... #.ooo#
#@# #.# #.# #.#
#.# .# #<# .#
#.#########.##
#............##
#.#######.....##


You could see 2 orc priests and an orc.

Vanquished Creatures
  An orc priest (D:3)
  2 orc wizards (D:3)
  4 gnolls (D:2)
  4 adders
  2 worms (D:2)
  3 dart slugs
  8 orcs
  6 bats
  3 endoplasms
  A giant cockroach (D:1)
  9 goblins
  8 hobgoblins
  4 quokkas
  5 ball pythons
  3 frilled lizards
  A kobold (D:2)
  3 rats
67 creatures vanquished.

Notes
Turn   | Place    | Note
-------+----------+-------------------------------------------
     0 | Abyss:1  | nickcage the Demonspawn Abyssal Knight began the quest for
                  | the Orb.
     0 | Abyss:1  | Reached XP level 1. HP: 18/18 MP: 2/2
     1 | D:1      | Escaped the Abyss
    27 | D:1      | Reached skill level 2 in Maces & Flails
    77 | D:1      | Found Ugesopn's Armour Boutique.
   363 | D:1      | Gained mutation: You have a pair of small horns on your
                  | head. [demonic ancestry]
   363 | D:1      | Reached XP level 2. HP: 24/24 MP: 4/4
  1102 | D:1      | Bought a +0 tower shield for 58 gold pieces
  1189 | D:2      | Reached skill level 3 in Maces & Flails
  1189 | D:2      | Gained mutation: You have a pair of horns on your head.
                  | [demonic ancestry]
  1189 | D:2      | Reached XP level 3. HP: 22/29 MP: 5/5
  1616 | D:1      | Reached XP level 4. HP: 3/35 MP: 6/6
  1617 | D:1      | HP: 1/35 [poisoned by an adder]
  1628 | D:1      | Identified a scroll of acquirement
  1628 | D:1      | Acquired the +0 cloak of the Orange {rElec Will- rCorr
                  | Int+2}
  2092 | D:2      | Reached skill level 1 in Shields
  2181 | D:2      | Reached skill level 4 in Maces & Flails
  2532 | D:2      | Identified the +9 shortbow "Arcanum" {speed, rElec rF++}
  2630 | D:3      | Reached *** piety under Lugonu
  2650 | D:3      | Gained mutation: You regenerate a little health from kills.
                  | [demonic ancestry]
  2650 | D:3      | Reached XP level 5. HP: 26/41 MP: 7/7
  3110 | D:3      | Found a shimmering altar of Xom.
  3251 | D:3      | Found Utuckyss's Armour Emporium.
  3302 | D:3      | HP: 1/41 [orc priest/+0 dagger (4)]
  3302 | D:3      | Killed from afar by an orc priest

Illustrated notes

Levels and vault maps discovered:
D:1:      tarquinn_simple_flora_water_e, layout_loops_ring, serial_shops, shop
D:2:      layout_rooms, minmay_misc_feat_encased, minmay_joined_circles
D:3:      layout_loops_corners, xom_teletrap_fun, mainiacjoe_overflow_paths,
          serial_shops, nicolae_diamond_shop

Skill      XL: |  1  2  3  4  5 |
---------------+----------------+-----
Maces & Flails | 2 3 4 |  4.9
Invocations    | 3 |  3.0
Shields        | 1 2 |  2.0
Fighting       | |  3.0
Armour         | |  1.7
Dodging        | |  0.8

Action                   |  1- 3 |  4- 6 || total
-------------------------+-------+-------++-------
Melee: Mace              |    70 |   123 ||   193
       Headbutt          |     7 |     9 ||    16
  Use: Scroll            |       |     6 ||     6
       Potion            |       |     2 ||     2
Armor: Leather armour    |     9 |       ||     9
       Ring mail         |    14 |    33 ||    47
Dodge: Dodged            |    40 |    37 ||    77
Block: Tower shield      |    17 |    73 ||    90
